SAA
SALEM MISFITS @ MYRTLE BEACH MERMEN
08/25/2031
 
TOP OF THE 1ST
Salem Misfits batting - Pitching for Myrtle Beach Mermen : RHP Charlie Fairthorne
Pitching: RHP Charlie Fairthorne
Batting: LHB José Cuervo 0-0: Called Strike
0-1: Ball
1-1: Called Strike
1-2: Strikes out looking
Batting: RHB Jorge Ramos 0-0: Ball
1-0: Foul Ball, location: 2F
1-1: Foul Ball, location: 2F
1-2: Foul Ball, location: 2F
1-2: Foul Ball, location: 2F
1-2: Ground out 6-3 (Groundball, 6)
Batting: LHB Jesús Lazcano 0-0: Ball
1-0: Fly out, F7 (Flyball, 7LSF)
Top of the 1st over - 0 runs, 0 hits, 0 errors, 0 left on base; Salem 0 - Myrtle Beach 0
BOTTOM OF THE 1ST
Myrtle Beach Mermen batting - Pitching for Salem Misfits : LHP Ollie McDaniell
Pitching: LHP Ollie McDaniell
Batting: LHB Roberto Vázquez 0-0: Ball
1-0: Fly out, F6 (Line Drive, 6)
Batting: RHB Armando Romero 0-0: Called Strike
0-1: Ball
1-1: Ball
2-1: Foul Ball, location: 2F
2-2: Fly out, F6 (Popup, 6M)
Batting: RHB Tumas Wenzu 0-0: Ground out 6-3 (Groundball, 6M)
Bottom of the 1st over - 0 runs, 0 hits, 0 errors, 0 left on base; Salem 0 - Myrtle Beach 0
TOP OF THE 2ND
Salem Misfits batting - Pitching for Myrtle Beach Mermen : RHP Charlie Fairthorne
Batting: RHB Akke Derksen 0-0: Called Strike
0-1: Fly out, F7 (Flyball, 7S)
Batting: RHB Bob Petiet 0-0: Called Strike
0-1: Foul Ball, location: 2F
0-2: Ground out 1-3 (Groundball, 13S)
Batting: RHB César Ramos 0-0: Ball
1-0: Ball
2-0: Ball
3-0: Called Strike
3-1: Base on Balls
Batting: LHB Tyler Knopp 0-0: Ground out 5-3 (Groundball, 56)
Top of the 2nd over - 0 runs, 0 hits, 0 errors, 1 left on base; Salem 0 - Myrtle Beach 0
BOTTOM OF THE 2ND
Myrtle Beach Mermen batting - Pitching for Salem Misfits : LHP Ollie McDaniell
Batting: RHB Spartak Gonjarov 0-0: Ball
1-0: Foul Ball, location: 2F
1-1: Foul Ball, location: 2F
1-2: Ball
2-2: Foul Ball, location: 2F
2-2: Fly out, F8 (Flyball, 8LXD)
Batting: LHB Raymond Dudzinski 0-0: Swinging Strike
0-1: Foul Ball, location: 2F
0-2: Strikes out looking
Batting: RHB Cody Blackburn 0-0: Foul Ball, location: 2F
0-1: Ball
1-1: Swinging Strike
1-2: Ground out U3 (Groundball, 3S)
Bottom of the 2nd over - 0 runs, 0 hits, 0 errors, 0 left on base; Salem 0 - Myrtle Beach 0
TOP OF THE 3RD
Salem Misfits batting - Pitching for Myrtle Beach Mermen : RHP Charlie Fairthorne
Batting: RHB Jorge Gómez 0-0: Ball
1-0: Called Strike
1-1: Called Strike
1-2: Foul Ball, location: 2F
1-2: Ball
2-2: Foul Ball, location: 2F
2-2: SINGLE (Groundball, 4D)
Batting: RHB Atanza Vongor 0-0: SINGLE (Line Drive, 4MD)
Jorge Gómez to second
Batting: LHB José Cuervo 0-0: Ball
1-0: Foul Ball, location: 2F
1-1: Ground out 5-3 (Groundball, 56S)
Jorge Gómez to third
Atanza Vongor to second
Batting: RHB Jorge Ramos 0-0: Ball
1-0: Foul Ball, location: 2F
1-1: Ball
2-1: Ball
3-1: Foul Ball, location: 2F
3-2: Ground out U3 (Groundball, 34)
Jorge Gómez scores
Atanza Vongor to third
Batting: LHB Jesús Lazcano 0-0: Called Strike
0-1: Called Strike
0-2: Ground out 4-3 (Groundball, 4M)
Top of the 3rd over - 1 run, 2 hits, 0 errors, 1 left on base; Salem 1 - Myrtle Beach 0
BOTTOM OF THE 3RD
Myrtle Beach Mermen batting - Pitching for Salem Misfits : LHP Ollie McDaniell
Batting: RHB David Meléndez 0-0: Ball
1-0: Ball
2-0: Ball
3-0: SINGLE (Line Drive, 78S)
Batting: LHB Henry Madore 0-0: Ball
1-0: Called Strike
1-1: Foul Ball, location: 2F
1-2: Foul Ball, location: 2F
1-2: Fly out, F9 (Flyball, 9LS)
Batting: LHB Félix Castellanos 0-0: Reached on error, E1 (Groundball, 13S)
David Meléndez to second
Batting: LHB Roberto Vázquez 0-0: Ball
1-0: Foul Ball, location: 2F
1-1: Swinging Strike
1-2: Ball
2-2: Foul Ball, location: 2F
2-2: Ball
3-2: Strikes out looking
Batting: RHB Armando Romero 0-0: Foul Ball, location: 2F
0-1: Foul Ball, location: 2F
0-2: Fly out, F9 (Flyball, 9S)
Bottom of the 3rd over - 0 runs, 1 hit, 1 error, 2 left on base; Salem 1 - Myrtle Beach 0
TOP OF THE 4TH
Salem Misfits batting - Pitching for Myrtle Beach Mermen : RHP Charlie Fairthorne
Batting: RHB Akke Derksen 0-0: Ball
1-0: Foul Ball, location: 2F
1-1: Called Strike
1-2: Fly out, F6 (Line Drive, 6)
Batting: RHB Bob Petiet 0-0: Ball
1-0: Ball
2-0: Called Strike
2-1: Fly out, F7 (Flyball, 78S)
Batting: RHB César Ramos 0-0: Swinging Strike
0-1: Swinging Strike
0-2: Strikes out looking
Top of the 4th over - 0 runs, 0 hits, 0 errors, 0 left on base; Salem 1 - Myrtle Beach 0
BOTTOM OF THE 4TH
Myrtle Beach Mermen batting - Pitching for Salem Misfits : LHP Ollie McDaniell
Batting: RHB Tumas Wenzu 0-0: Swinging Strike
0-1: Ball
1-1: Fly out, F7 (Flyball, 7D)
Batting: RHB Spartak Gonjarov 0-0: Called Strike
0-1: SOLO HOME RUN (Flyball, 9D), Distance : 381 ft
Batting: LHB Raymond Dudzinski 0-0: Called Strike
0-1: Foul Ball, location: 2F
0-2: Strikes out swinging
Batting: RHB Cody Blackburn 0-0: Ball
1-0: Foul Ball, location: 2F
1-1: Swinging Strike
1-2: Ball
2-2: Ball
3-2: Strikes out looking
Bottom of the 4th over - 1 run, 1 hit, 0 errors, 0 left on base; Salem 1 - Myrtle Beach 1
TOP OF THE 5TH
Salem Misfits batting - Pitching for Myrtle Beach Mermen : RHP Charlie Fairthorne
Batting: LHB Tyler Knopp 0-0: Swinging Strike
0-1: Ball
1-1: Foul Ball, location: 2F
1-2: SINGLE (Line Drive, 7S)
Batting: RHB Jorge Gómez 0-0: Bunted foul
0-1: Ball
1-1: Sac Bunt - play at first, batter OUT! 5-4
Tyler Knopp to second
Batting: RHB Atanza Vongor 0-0: Ball
1-0: Ball
2-0: Called Strike
2-1: Ground out 4-3 (Groundball, 4)
Tyler Knopp to third
Batting: LHB José Cuervo 0-0: Swinging Strike
0-1: Ball
1-1: Foul Ball, location: 2F
1-2: Ball
2-2: Fly out, F9 (Flyball, 9LM)
Top of the 5th over - 0 runs, 1 hit, 0 errors, 1 left on base; Salem 1 - Myrtle Beach 1
BOTTOM OF THE 5TH
Myrtle Beach Mermen batting - Pitching for Salem Misfits : LHP Ollie McDaniell
Batting: RHB David Meléndez 0-0: Called Strike
0-1: Called Strike
0-2: Ball
1-2: Ball
2-2: Strikes out swinging
Batting: LHB Henry Madore 0-0: Fly out, F8 (Flyball, 8LD)
Batting: LHB Félix Castellanos 0-0: Ball
1-0: Foul Ball, location: 2F
1-1: Hit by Pitch
Batting: LHB Roberto Vázquez 0-0: Ball
1-0: Ball
2-0: Called Strike
2-1: Ball
3-1: SINGLE (Flyball, 9LS)
Félix Castellanos to second
Runner from 2nd tries for 3rd, SAFE, no throw
Batting: RHB Armando Romero 0-0: Swinging Strike
0-1: Foul Ball, location: 2F
0-2: Ball
1-2: Foul Ball, location: 2F
1-2: Strikes out looking
Bottom of the 5th over - 0 runs, 1 hit, 0 errors, 2 left on base; Salem 1 - Myrtle Beach 1
TOP OF THE 6TH
Salem Misfits batting - Pitching for Myrtle Beach Mermen : RHP Charlie Fairthorne
Batting: RHB Jorge Ramos 0-0: Ball
1-0: Foul Ball, location: 2F
1-1: Ground out 6-3 (Groundball, 6D)
Batting: LHB Jesús Lazcano 0-0: SOLO HOME RUN (Line Drive, 9D), Distance : 394 ft
Batting: RHB Akke Derksen 0-0: Called Strike
0-1: SINGLE (Groundball, 56D)
Batting: RHB Bob Petiet 0-0: Called Strike
0-1: Ball
1-1: Reached on error, E5 (Groundball, 5)
Akke Derksen to second
Batting: RHB César Ramos 0-0: Ball
1-0: Called Strike
1-1: Ball
2-1: Foul Ball, location: 2F
2-2: Grounds into double play, 6-4-3 (Groundball, 6)
Top of the 6th over - 1 run, 2 hits, 1 error, 1 left on base; Salem 2 - Myrtle Beach 1
BOTTOM OF THE 6TH
Myrtle Beach Mermen batting - Pitching for Salem Misfits : LHP Ollie McDaniell
Batting: RHB Tumas Wenzu 0-0: Called Strike
0-1: Hit by Pitch
Batting: RHB Spartak Gonjarov 0-0: Called Strike
0-1: Swinging Strike
0-2: Ball
1-2: Ball
2-2: Strikes out looking
Batting: LHB Raymond Dudzinski 0-0: Called Strike
0-1: Grounds into double play, 4-6-3 (Groundball, 4)
Bottom of the 6th over - 0 runs, 0 hits, 0 errors, 0 left on base; Salem 2 - Myrtle Beach 1
TOP OF THE 7TH
Salem Misfits batting - Pitching for Myrtle Beach Mermen : RHP Charlie Fairthorne
Batting: LHB Tyler Knopp 0-0: SINGLE (Groundball, 4D)
Batting: RHB Jorge Gómez 0-0: Sac Bunt - play at first, batter OUT! 2-4
Tyler Knopp to second
Batting: RHB Atanza Vongor 0-0: Ball
1-0: Called Strike
1-1: Ball
2-1: Swinging Strike
2-2: Ball
3-2: Base on Balls
Batting: LHB José Cuervo 0-0: Ball
1-0: Ball
2-0: Foul Ball, location: 2F
2-1: Grounds out, U3 (Groundball, 3L)
Tyler Knopp to third
Batting: RHB Jorge Ramos 0-0: Fly out, F8 (Line Drive, 89D)
Top of the 7th over - 0 runs, 1 hit, 0 errors, 2 left on base; Salem 2 - Myrtle Beach 1
BOTTOM OF THE 7TH
Myrtle Beach Mermen batting - Pitching for Salem Misfits : LHP Ollie McDaniell
Batting: RHB Cody Blackburn 0-0: Swinging Strike
0-1: Ball
1-1: Foul Ball, location: 2F
1-2: Strikes out looking
Batting: RHB David Meléndez 0-0: Fly out, F9 (Flyball, 9S)
Batting: LHB Henry Madore 0-0: SINGLE (Flyball, 78M)
Pinch Hitting: RHB Pancho Núńez 0-0: Called Strike
0-1: Ball
1-1: Foul Ball, location: 2F
1-2: SINGLE (Line Drive, 56D)
Henry Madore to second
Batting: LHB Roberto Vázquez 0-0: Called Strike
0-1: Ball
1-1: Ground out U3 (Groundball, 3)
Bottom of the 7th over - 0 runs, 2 hits, 0 errors, 2 left on base; Salem 2 - Myrtle Beach 1
TOP OF THE 8TH
Salem Misfits batting - Pitching for Myrtle Beach Mermen : RHP Charlie Fairthorne
Now in RF: Pancho Núńez
Batting: LHB Jesús Lazcano 0-0: Ball
1-0: Swinging Strike
1-1: Ball
2-1: Ball
3-1: Foul Ball, location: 2F
3-2: Fly out, F9 (Flyball, 9S)
Batting: RHB Akke Derksen 0-0: Ball
1-0: Called Strike
1-1: Swinging Strike
1-2: Ball
2-2: Fly out, F2 (Popup, 3SF)
Batting: RHB Bob Petiet 0-0: Ball
1-0: Foul Ball, location: 2F
1-1: Foul Ball, location: 2F
1-2: SOLO HOME RUN (Flyball, 78XD), Distance : 383 ft
Batting: RHB César Ramos 0-0: Foul Ball, location: 2F
0-1: Foul Ball, location: 2F
0-2: SINGLE (Groundball, 56) (infield hit)
Pitching: RHP Juan Carlos Cruz
Batting: LHB Tyler Knopp 0-0: Called Strike
0-1: Called Strike
0-2: Ball
1-2: Strikes out swinging
Top of the 8th over - 1 run, 2 hits, 0 errors, 1 left on base; Salem 3 - Myrtle Beach 1
BOTTOM OF THE 8TH
Myrtle Beach Mermen batting - Pitching for Salem Misfits : LHP Ollie McDaniell
Batting: RHB Armando Romero 0-0: Ball
1-0: Foul Ball, location: 2F
1-1: Called Strike
1-2: Fly out, F8 (Flyball, 8RM)
Batting: RHB Tumas Wenzu 0-0: Called Strike
0-1: Called Strike
0-2: Strikes out swinging
Batting: RHB Spartak Gonjarov 0-0: Ball
1-0: Fly out, F9 (Flyball, 9D)
Bottom of the 8th over - 0 runs, 0 hits, 0 errors, 0 left on base; Salem 3 - Myrtle Beach 1
TOP OF THE 9TH
Salem Misfits batting - Pitching for Myrtle Beach Mermen : RHP Juan Carlos Cruz
Batting: RHB Jorge Gómez 0-0: Foul Ball, location: 2F
0-1: Ball
1-1: Ball
2-1: Ball
3-1: Foul Ball, location: 2F
3-2: Foul Ball, location: 2F
3-2: Base on Balls
Batting: RHB Atanza Vongor 0-0: Sac Bunt - play at first, batter OUT! 2-3
Jorge Gómez to second
Batting: LHB José Cuervo 0-0: Intentional Walk
Pitching: RHP Bob Christison
Batting: RHB Jorge Ramos 0-0: Foul Ball, location: 2F
0-1: Ball
1-1: Ball
2-1: Foul Ball, location: 2F
2-2: DOUBLE (Groundball, 5L)
Jorge Gómez scores
José Cuervo to third
Runner from 3rd tries for Home, throw and OUT!
Batting: LHB Jesús Lazcano 0-0: Called Strike
0-1: Fly out, F7 (Flyball, 7LD)
Top of the 9th over - 1 run, 1 hit, 0 errors, 1 left on base; Salem 4 - Myrtle Beach 1
BOTTOM OF THE 9TH
Myrtle Beach Mermen batting - Pitching for Salem Misfits : LHP Ollie McDaniell
Batting: LHB Raymond Dudzinski 0-0: Called Strike
0-1: Ball
1-1: Called Strike
1-2: Foul Ball, location: 2F
1-2: Ball
2-2: Foul Ball, location: 2F
2-2: Ball
3-2: Strikes out swinging
Batting: RHB Cody Blackburn 0-0: Ball
1-0: Foul Ball, location: 2F
1-1: Swinging Strike
1-2: Foul Ball, location: 2F
1-2: Ball
2-2: Foul Ball, location: 2F
2-2: Ball
3-2: SOLO HOME RUN (Flyball, 7LD), Distance : 331 ft
Batting: RHB David Meléndez 0-0: SINGLE (Groundball, 34D)
Pitching: RHP William Fothergill
Batting: LHB Henry Madore 0-0: Called Strike
0-1: Swinging Strike
0-2: Foul Ball, location: 2F
0-2: Strikes out swinging
Batting: RHB Pancho Núńez 0-0: Ball
1-0: Foul Ball, location: 2F
1-1: Ball
2-1: SINGLE (Line Drive, 9LS)
David Meléndez to second
Batting: LHB Roberto Vázquez 0-0: Fly out, F3 (Line Drive, 3L)
Bottom of the 9th over - 1 run, 3 hits, 0 errors, 2 left on base; Salem 4 - Myrtle Beach 2
Tuesday, June 12th, 2018 - OOTP Baseball 18.8 Build 76